 Dungeon Crawl Stone Soup version 0.29.1-12-g30fa7ad0bf (webtiles) character file.

Game seed: 1767944756696007322

319 warriortoast the Ducker (level 6, -3/32 HPs)
             Began as a Spriggan Hunter on Jan 4, 2023.
             Was an Initiate of Hepliaklqana.
             Shot with an arrow by a centaur (10 damage)
             ... on level 5 of the Dungeon on Jan 5, 2023.
             The game lasted 00:05:52 (3169 turns).

warriortoast the Ducker (Spriggan Hunter)           Turns: 3169, Time: 00:05:52

Health: -3/32      AC:  2    Str:  7    XL:     6   Next: 21%
Magic:  7/7        EV: 21    Int: 10    God:    Hepliaklqana [......]
Gold:   136        SH:  0    Dex: 21    Spells: 5/5 levels left

rFire   . . .      SeeInvis +   a - +0 shortbow
rCold   . . .      Faith    .   (shield currently unavailable)
rNeg    . . .      Spirit   .   c - +0 robe
rPois   .          Reflect  .   (helmet restricted)
rElec   .          Harm     .   (no cloak)
rCorr   .          Rampage  .   (gloves unavailable)
Will    +....                   (boots unavailable)
Stlth   ++........              (no amulet)
HPRegen 0.10/turn               (no ring)
MPRegen 0.10/turn               (no ring)

@: very quick
A: very small, no large weapons, unfitting armour, see invisible, speed 3
a: Renounce Religion


You were on level 5 of the Dungeon.
You worshipped Hepliaklqana.
Hepliaklqana was noncommittal.
You visited 1 branch of the dungeon, and saw 5 of its levels.

You collected 136 gold pieces.

Inventory:

Hand Weapons
 a - a +0 shortbow (weapon)
Armour
 c - a +0 robe (worn)
Jewellery
 i - an amulet of the acrobat
 l - a +4 ring of protection
 m - a ring of poison resistance
 r - a +4 ring of protection
Wands
 u - a wand of quicksilver (5)
Scrolls
 b - 2 scrolls of immolation
 d - 4 scrolls of identify {unknown}
 f - a scroll of torment {unknown}
 g - 3 scrolls of teleportation {unknown}
 h - a scroll of poison {unknown}
 j - a scroll of fear {unknown}
 o - a scroll of enchant armour {unknown}
 p - a scroll of blinking {unknown}
 q - a scroll of brand weapon {unknown}
 s - 2 scrolls of amnesia {unknown}
Potions
 e - a potion of brilliance {unknown}
 k - a potion of haste {unknown}
 n - a potion of curing {unknown}
 t - a potion of cancellation {unknown}


   Skills:
 + Level 3.3 Fighting
 + Level 5.4 Ranged Weapons
 + Level 5.4 Dodging
 - Level 1.5 Stealth


You had 5 spell levels left.
You didn't know any spells.
Your spell library contained the following spells:

 Spells                   Type           Power      Damage    Failure   Level
 Blink                    Tloc           0%         N/A       50%         2
 Ensorcelled Hibernation  Hex/Ice        0%         N/A       50%         2
 Passwall                 Tmut/Erth      0%         N/A       50%         2
 Confusing Touch          Hex            0%         N/A       75%         3
 Lesser Beckoning         Tloc           0%         N/A       75%         3
 Swiftness                Air            0%         N/A       75%         3
 Fulminant Prism          Conj/Hex       0%         3d6       98%         4
 Iskenderun's Mystic Bla  Conj/Tloc      0%         2d3       98%         4
 Blade Hands              Tmut           0%         N/A       100%        5
 Irradiate                Conj/Tmut      0%         3d11      100%        5
 Lee's Rapid Deconstruct  Erth           0%         3d5*      100%        5
 Manifold Assault         Tloc           0%         N/A       100%        5
 Yara's Violent Unravell  Hex/Tmut       0%         3d3       100%        5
 Dragon Form              Tmut           0%         N/A       100%        7
 Enfeeble                 Hex            0%         N/A       100%        7


Dungeon Overview and Level Annotations

Branches:
Dungeon (5/15)
 Temple: D:4-7

Altars:
Hepliaklqana
Kikubaaqudgha
Nemelex Xobeh
Xom
Zin
The Shining One


Innate Abilities, Weirdness & Mutations

You are very small and have problems with some larger weapons.
You are too small for most types of armour.
You have supernaturally acute eyesight. (SInv)
You cover ground extremely quickly. (Speed+++)


Message History

You see here a ring of see invisible.
Found an escape hatch in the ceiling.
Found a stone staircase leading down.
Found a stone staircase leading down.
Found an escape hatch in the floor.
You now have 136 gold pieces (gained 16).
Found a stone staircase leading up.
Found a stone staircase leading up.
You open the door.
There is an open door here.
Done exploring.
Done exploring.
There is an open door here.
There is a stone staircase leading down here.
You climb downwards.
The centaur shouts!
Something shouts, "Out, out, thou rank roguish tiler!"
Found a stone staircase leading down.
There is a stone staircase leading up here.
You shoot an arrow. The arrow hits the centaur.
The centaur is lightly wounded.
The centaur wields a +0 shortbow.
The centaur shoots an arrow.
The arrow hits you!
You shoot an arrow.
The arrow hits the centaur but does no damage.
The centaur is lightly wounded.
The centaur shoots an arrow.
The arrow completely misses you.
The centaur shoots an arrow.
The arrow closely misses you.
A white imp comes into view.
You shoot an arrow. The arrow barely misses the centaur.
The centaur shoots an arrow.
The arrow hits you!
* * * LOW HITPOINT WARNING * * *
The centaur shoots an arrow.
The arrow misses you.
You are too injured to fight recklessly!
You are too injured to fight recklessly!
You are too injured to fight recklessly!
You are too injured to fight recklessly!
You are too injured to fight recklessly!
The centaur shoots an arrow.
The arrow hits you!
You die...

. ># #. .# # ..
..# #8#
.#####..# .5..
....... .....
....#
......#...#.#.#
#c...@......#
#...#.......#
..... .........
#... .......#.#
... ........# #
#. .#.#..#..# #
#..........
###.#.###.#.


You could see a centaur and a white imp.

Vanquished Creatures
  An ogre (D:4)
  A phantom (D:4)
  A necrophage (D:4)
  5 adders
  2 dart slugs
  5 orcs
  3 endoplasms
  2 giant cockroaches
  6 goblins
  3 hobgoblins
  4 jackals
  4 kobolds
  2 quokkas
  8 ball pythons
  2 bats
  2 frilled lizards
  4 rats
55 creatures vanquished.

Notes
Turn   | Place    | Note
-------+----------+-------------------------------------------
     0 | D:1      | warriortoast the Spriggan Hunter began the quest for the
                  | Orb.
     0 | D:1      | Reached XP level 1. HP: 10/10 MP: 2/2
   954 | D:1      | Reached XP level 2. HP: 15/15 MP: 3/3
  1237 | D:2      | Found a faded altar of an unknown god.
  1417 | D:2      | Reached XP level 3. HP: 18/18 MP: 4/4
  1938 | D:3      | Found a glowing golden altar of the Shining One.
  2034 | D:3      | Reached XP level 4. HP: 23/23 MP: 5/5
  2048 | D:3      | Found a glowing silver altar of Zin.
  2051 | D:3      | Noticed an angel
  2059 | D:3      | Found a shimmering altar of Xom.
  2202 | D:3      | Found a hazy altar of Hepliaklqana.
  2211 | D:3      | Became a worshipper of Hepliaklqana the Forgotten
  2341 | D:3      | Found a sparkling altar of Nemelex Xobeh.
  2468 | D:4      | Found an ancient bone altar of Kikubaaqudgha.
  2895 | D:4      | Noticed an ogre
  2896 | D:4      | Noticed a phantom
  2898 | D:4      | Noticed a necrophage
  2925 | D:4      | Killed an ogre
  2926 | D:4      | Reached skill level 5 in Ranged Weapons
  2926 | D:4      | Reached XP level 5. HP: 28/28 MP: 6/6
  2962 | D:4      | Killed a phantom
  2963 | D:4      | Reached skill level 5 in Dodging
  3054 | D:4      | Reached XP level 6. HP: 32/32 MP: 7/7
  3165 | D:5      | Entered Level 5 of the Dungeon
  3169 | D:5      | Shot with an arrow by a centaur

Illustrated notes

Levels and vault maps discovered:
D:1:      dpeg_arrival_tiny_c, layout_basic
D:2:      layout_basic, ebering_ecumenical_altar_mist, minmay_split_cup_large
D:3:      layout_basic, grunt_temple_overflow_order_and_chaos_1,
          nicolae_overflow_crystal_walls, lemuel_round_altar,
          nemelex_diamond_rough_becter
D:4:      layout_basic, nicolae_kikubaaqudgha_miasma_corner,
          nicolae_elevator_lobby_plus
D:5:      layout_basic, kennysheep_mini, minivault_14, chequers_hall_statues_y

Skill      XL: |  1  2  3  4  5 |
---------------+----------------+-----
Dodging        | 3 4 5 |  5.4
Fighting       | 2 3 |  3.3
Ranged Weapons | 5 |  5.4
Stealth        | |  1.5

Action                   |  1- 3 |  4- 6 || total
-------------------------+-------+-------++-------
 Fire: Shortbow          |    80 |    79 ||   159
Armor: Robe              |     5 |     2 ||     7
Dodge: Dodged            |    31 |    13 ||    44
